 Dungeon Crawl Stone Soup version 0.21-a0-216-g6d3fd91 (webtiles) character file.

25078 Lavandula the Covert (level 13, 0/101 (104) HPs)
             Began as a Ghoul Ice Elementalist on Aug 22, 2017.
             Was a High Priest of Dithmenos.
             Slain by a six-headed hydra (10 damage)
             ... on level 1 of the Lair of Beasts on Aug 23, 2017.
             The game lasted 02:04:02 (13416 turns).

Lavandula the Covert (Ghoul Ice Elementalist)      Turns: 13416, Time: 02:04:04

HP:   0/101 (104)   AC:  8    Str: 13    XL:     13   Next: 17%
MP:   7/19          EV: 13    Int: 14    God:    Dithmenos [*****.]
Gold: 507           SH:  0    Dex:  9    Spells: 5/22 levels left

rFire    + . .     SeeInvis .   F - +3 dagger (venom)
rCold    + . .     Gourm    .   (no shield)
rNeg     + + +     Faith    +   V - +1 leather armour {rF+}
rPois    ∞         Spirit   .   S - +0 helmet
rElec    .         Reflect  .   (no cloak)
rCorr    .         Harm     .   (no gloves)
MR       +....                  b - +2 pair of boots
Stlth    +++++++++.             p - amulet of faith
HPRegen  0.00/turn              O - ring of Pride {rPois MR+}
MPRegen  0.16/turn              L - ring of stealth

@: rotting, wreathed by umbra
A: rotting body, claws 1, carnivore 3, cold resistance 1, negative energy
resistance 3, inhibited regeneration, torment resistance, unbreathing
a: Shadow Step, Shadow Form, Renounce Religion


You were on level 1 of the Lair of Beasts.
You worshipped Dithmenos.
Dithmenos was extremely pleased with you.
You were not hungry.

You visited 5 branches of the dungeon, and saw 21 of its levels.
You also visited: Labyrinth and Ossuary.

You collected 1507 gold pieces.
You spent 1000 gold pieces at shops.

Inventory:

Hand Weapons
 f - a +6 glaive of protection
 i - a +2 dagger of draining
 F - a +3 dagger of venom (weapon)
 W - a +3 dagger of speed
Missiles
 j - 15 javelins (quivered)
 E - a throwing net
Armour
 b - a +2 pair of boots (worn)
 I - a +3 scale mail of fire resistance
 P - the +7 scale mail "Forget-Me-Not" {rF+++ MP-9 Int+5 Slay-5}
   (You found it on level 1 of the Lair of Beasts)

   It affects your intelligence (+5).
   It affects your accuracy and damage with ranged weapons and melee attacks
   (-5).
   It renders you almost immune to fire.
   It affects your magic capacity (-9).
 S - a +0 helmet (worn)
 V - a +1 leather armour of fire resistance (worn)
Magical Staves
 Q - an uncursed staff of conjuration
Jewellery
 a - an uncursed ring of resist corrosion
 h - an uncursed ring of ice
 o - an uncursed ring of wizardry
 p - an amulet of faith (around neck)
 L - a ring of stealth (right claw)
 O - the ring of Pride (left claw) {rPois MR+}
   (You found it in a labyrinth)

   [ring of protection from magic]

   It protects you from poison.
   It affects your resistance to hostile enchantments.
Wands
 y - a wand of polymorph (3/24)
 C - a wand of polymorph (2/24)
 D - a wand of confusion (17/48)
 G - a wand of lightning (3/15)
 J - a wand of iceblast (7/15)
 K - a wand of digging (15/24)
 U - a wand of lightning (5/15)
Scrolls
 e - 5 scrolls of magic mapping
 g - a scroll of amnesia
 l - 2 scrolls of fog
 m - 5 scrolls of remove curse
 r - 2 scrolls of vulnerability
 s - 2 scrolls of fear {unknown}
 w - a scroll of summoning
 M - a scroll of silence {unknown}
 N - a scroll of brand weapon {unknown}
 X - 4 scrolls of teleportation
 Y - a scroll of blinking
Potions
 d - a potion of curing
 n - 3 potions of brilliance
 q - 2 potions of agility
 u - a potion of haste
 v - a potion of resistance
 x - a potion of ambrosia
 z - 2 potions of might
 A - 2 potions of cancellation
 H - a potion of heal wounds
 T - a potion of lignification {unknown}
 Z - a potion of magic
Books
 t - a book of Misfortune

   Spells                             Type                      Level
   a - Confusing Touch                Hexes                        1
   b - Confuse                        Hexes                        3
   c - Gell's Gravitas                Translocation                3
   d - Petrify                        Transmutation/Earth          4
   e - Metabolic Englaciation         Hexes/Ice                    5
   f - Yara's Violent Unravelling     Hexes/Transmutation          5
 B - a book of Maledictions

   Spells                             Type                      Level
   a - Corona                         Hexes                        1
   b - Ensorcelled Hibernation        Hexes/Ice                    2
   c - Confuse                        Hexes                        3
   d - Tukima's Dance                 Hexes                        3
   e - Dazzling Spray                 Conjuration/Hexes            3
Miscellaneous
 R - a crystal ball of energy
Comestibles
 c - 2 meat rations
 k - 15 royal jellies


   Skills:
 - Level 6.6 Fighting
 - Level 9.3 Short Blades
 - Level 5.2 Dodging
 + Level 11.1 Stealth
 - Level 5.2 Spellcasting
 - Level 5.3 Conjurations
 - Level 7.0 Hexes
 - Level 4.4 Summonings
 - Level 6.3 Ice Magic
 - Level 5.3 Evocations


You had 5 spell levels left.
You knew the following spells:

 Your Spells              Type           Power        Failure   Level  Hunger
a - Freeze                Ice            ###.         1%          1    None
b - Ozocubu's Armour      Chrm/Ice       ##......     19%         3    ###....
c - Summon Ice Beast      Ice/Summ       ###.....     24%         4    ####...
d - Throw Frost           Conj/Ice       ###...       3%          2    ##.....
e - Throw Icicle          Conj/Ice       ###.....     21%         4    ####...
f - Confuse               Hex            ###.....     3%          3    ###....


Dungeon Overview and Level Annotations

Branches:
Dungeon (14/15)              Lair (3/6) D:8          Shoals (1/4) Lair:2
 Spider (0/4) Lair:2          Orc (2/2) D:12            Elf (1/3) Orc:2
 Temple: D:4-7       Vaults: D:13-14

Altars:
Ashenzari
Dithmenos
Fedhas
Gozag
Hepliaklqana
Kikubaaqudgha
Xom
The Shining One
Beogh

Shops:
D:5 }   D:8 !   D:9 !   D:13 (   Orc:1 %(   Orc:2 *?(

Annotations:
D:3 Grinder
D:5 Leibowitz's ghost, amateur KoGl
D:9 exclusion: 2 upstairs
D:11 kroki's ghost, journeyman FoFi
D:13 1 exclusion, Kirke


Innate Abilities, Weirdness & Mutations

Your body is rotting away.
You thrive on raw meat.
You are immune to poison.
You have sharp fingernails.
You are carnivorous and can eat meat at any time.
Your flesh is cold resistant. (rC+)
You are immune to negative energy. (rN+++)
You do not regenerate when monsters are visible.
You are immune to unholy pain and torment.
You can survive without breathing.


Message History

The six-headed hydra resists with almost no effort.
Your shadow mimicks your spell!
The six-headed hydra resists with almost no effort.
Casting: Confuse
Confirm with . or Enter, or press ? or * to list all spells.
Aiming: Confuse
Press: ? - help, Shift-Dir - straight line, f/p - six-headed hydra
Aim: a six-headed hydra (umbra, chance to defeat MR: 20%)
The six-headed hydra appears confused.
You hit the six-headed hydra.
The six-headed hydra is lightly wounded.
Your shadow hits the six-headed hydra with a dagger.
You hit the six-headed hydra but do no damage.
The six-headed hydra is lightly wounded.
The six-headed hydra bites you!
* * * LOW HITPOINT WARNING * * *
The six-headed hydra bites you!
* * * LOW HITPOINT WARNING * * *
The six-headed hydra misses you. The six-headed hydra bites you!
You die...

.... ## .... ##. ...
# ##..... .##
#...#.##..#
##..#....#.##
#....D....... ..
#....@...#..## #.##
#..##.8.8.##..##.8.##
#.......#........ .
#...>.........8.8
..#.......#.......
#.....8.8..#..#..8.
#...#.....#..#
##.#####
..#...........#
#.....P# .
##..#.......# #<....#


You could see a six-headed hydra (confused).

Vanquished Creatures
  A minotaur (Lab)
  3 hydras
  2 centaur warriors (D:14)
  2 two-headed ogres
  Pikel (D:8)
  An orc sorcerer (Orc:1)
  2 ugly things
  2 cyclopes
  2 centaur zombies
  3 spiny frogs (Lair:2)
  2 gargoyles (Lab)
  A rust devil (Orc:2)
  A centaur skeleton (D:12)
  3 trolls
  2 hornets
  A merfolk (Lair:2)
  Prince Ribbit (D:8)
  5 hippogriffs
  A shadow (D:14)
  A tarantella (Lair:2)
  5 yaks
  A wyvern (Lair:2)
  2 hungry ghosts
  3 wargs (Orc:1)
  2 water moccasins
  A hell hound (D:8)
  17 orc warriors
  5 ice beasts
  An eye of draining (D:14)
  3 sky beasts
  A boggart (D:14)
  9 centaurs
  2 phantoms
  7 ogres
  2 wyvern zombies (D:13)
  7 bullfrogs
  2 troll zombies (D:12)
  3 scorpions
  21 killer bees
  6 wights
  An electric eel (D:13)
  6 crimson imps
  A bullfrog zombie (D:13)
  A quasit (D:9)
  A gnoll shaman (D:5)
  5 hounds
  6 jellies
  13 orc priests
  2 bullfrog skeletons
  3 iguanas
  20 orc wizards
  8 worker ants
  An ogre zombie (D:12)
  A hound skeleton (D:9)
  A mummy (Ossuary)
  4 adders
  3 gnolls
  A shadow imp (D:14)
  2 oozes (D:10)
  An adder zombie (D:8)
  2 leopard geckos
  51 orcs
  5 giant cockroaches
  2 goblins
  4 hobgoblins
  2 jackals
  4 quokkas
  2 ball pythons (D:5)
  2 bats
  2 frilled lizards
  2 gnoll skeletons (Ossuary)
  A goblin skeleton (D:12)
  2 goblin zombies (D:12)
  2 hobgoblin zombies (D:12)
  5 kobolds
  10 kobold skeletons (Ossuary)
  2 leopard gecko skeletons (D:4)
  A leopard gecko zombie (D:6)
  9 orc skeletons
  6 orc zombies (D:12)
  A quokka skeleton (D:8)
  A quokka zombie (D:8)
  3 plants (Lair:2)
339 creatures vanquished.

Vanquished Creatures (collateral kills)
  A two-headed ogre (D:14)
  2 ugly things
  A faun (D:9)
  A cyclops (D:13)
  A gargoyle (D:13)
  2 trolls
  2 wraiths
  4 yaks
  A wyvern (D:12)
  A water elemental (D:13)
  A hungry ghost (D:12)
  A two-headed ogre zombie (D:12)
  2 orc warriors
  2 ogres
  A big kobold (D:10)
  A bullfrog (D:12)
  A water moccasin zombie (D:5)
  3 wights (D:9)
  A centaur zombie (D:12)
  9 orc priests
  3 orc wizards
  A jelly (D:10)
  A bullfrog skeleton (D:11)
  A worker ant (D:12)
  4 ogre zombies (D:12)
  2 adders
  A shadow imp (D:10)
  3 oozes (D:10)
  A worm (D:5)
  25 orcs
  2 giant cockroaches (D:5)
  A jackal (D:11)
  A gnoll skeleton (Ossuary)
  3 goblin zombies (D:12)
  A hobgoblin zombie (D:12)
  4 kobold skeletons (Ossuary)
  3 orc skeletons
  6 orc zombies (D:12)
101 creatures vanquished.

Vanquished Creatures (others)
  3 slaves (D:8)
  An orc warrior (Orc:2)
  A kobold (D:10)
  A fungus (Lair:2)
  A plant (Lair:2)
7 creatures vanquished.

Grand Total: 447 creatures vanquished

Notes
Turn   | Place    | Note
-------+----------+-------------------------------------------
     0 | D:1      | Lavandula the Ghoul Ice Elementalist began the quest for the Orb.
     0 | D:1      | Reached XP level 1. HP: 14/14 MP: 2/2
   173 | D:2      | Reached XP level 2. HP: 19/19 MP: 0/4
   369 | D:3      | Noticed Grinder
   402 | D:2      | Reached XP level 3. HP: 13/25 MP: 0/5
   589 | D:4      | Found a shadowy altar of Dithmenos.
   592 | D:4      | Became a worshipper of Dithmenos the Shadowed
   683 | D:5      | Entered Level 5 of the Dungeon
   742 | D:5      | Noticed a centaur
   748 | D:5      | Reached skill level 1 in Short Blades
   748 | D:5      | Reached XP level 4. HP: 23/33 MP: 1/6
   775 | D:5      | Noticed Leibowitz's ghost (amateur KoGl)
   785 | D:5      | Killed a centaur
   785 | D:5      | Reached XP level 5. HP: 11/38 MP: 0/7
   950 | D:4      | Found a shimmering altar of Xom.
   998 | D:4      | Learned a level 4 spell: Summon Ice Beast
  1002 | D:4      | Learned a level 3 spell: Ozocubu's Armour
  1146 | D:4      | Reached skill level 1 in Summonings
  1146 | D:4      | Reached XP level 6. HP: 43/45 MP: 5/8
  1509 | D:5      | Reached XP level 7. HP: 27/50 MP: 6/9
  1528 | D:5      | Found Usasym's Gadget Shop.
  1658 | D:5      | Reached * piety under Dithmenos
  1798 | D:6      | Reached skill level 3 in Stealth
  1817 | D:6      | Reached skill level 4 in Stealth
  1862 | D:6      | Reached skill level 5 in Stealth
  1919 | D:6      | Reached XP level 8. HP: 48/56 MP: 8/10
  1988 | D:6      | Reached skill level 6 in Stealth
  2187 | D:6      | Reached skill level 5 in Short Blades
  2249 | D:7      | Found a sand-covered staircase.
  2253 | Ossuary  | Entered an ossuary
  2253 | Ossuary  | Noticed a wraith
  2253 | Ossuary  | Noticed a wraith
  2253 | Ossuary  | Noticed a wraith
  2298 | Ossuary  | Reached ** piety under Dithmenos
  2516 | Ossuary  | Noticed a wraith
  2541 | Ossuary  | Killed a wraith
  2822 | D:8      | Found Kialoz's Distillery.
  2854 | D:8      | Bought 2 potions of heal wounds for 130 gold pieces
  2854 | D:8      | Bought a potion of agility for 52 gold pieces
  2905 | D:8      | Noticed Prince Ribbit
  2936 | D:8      | Killed Prince Ribbit
  2948 | D:8      | Found a staircase to the Lair.
  2982 | D:9      | Learned a level 2 spell: Throw Frost
  3000 | D:9      | Found Retiuplu's Distillery.
  3005 | D:9      | Found an opulent altar of Gozag.
  3007 | D:9      | Bought a potion of degeneration for 17 gold pieces
  3052 | D:9      | Reached *** piety under Dithmenos
  3078 | D:9      | Reached XP level 9. HP: 55/62 MP: 6/11
  3115 | D:9      | Found a hazy altar of Hepliaklqana.
  3348 | D:9      | Found a shattered altar of Ashenzari.
  3404 | D:9      | Found an ancient bone altar of Kikubaaqudgha.
  3437 | D:9      | Noticed a troll
  3444 | D:9      | Killed a troll
  3465 | D:10     | Entered Level 10 of the Dungeon
  3506 | D:10     | Noticed a troll
  3756 | D:9      | Noticed a two-headed ogre
  3851 | D:8      | You fall through a shaft!
  3958 | D:9      | Noticed a faun
  3958 | D:9      | a two-headed ogre changed into a faun
  3968 | D:9      | Killed a faun
  3968 | D:9      | Reached skill level 5 in Spellcasting
  3974 | D:9      | Learned a level 4 spell: Throw Icicle
  4084 | D:8      | Reached **** piety under Dithmenos
  4293 | D:10     | Reached skill level 5 in Ice Magic
  4548 | D:11     | Noticed a brown ugly thing
  4579 | D:11     | Killed a brown ugly thing
  4579 | D:11     | Reached skill level 7 in Stealth
  4579 | D:11     | Reached XP level 10. HP: 30/69 MP: 0/16
  4599 | D:11     | Noticed a cyclops
  4602 | D:11     | Killed a cyclops
  4602 | D:11     | Reached skill level 8 in Stealth
  4644 | D:11     | Reached skill level 9 in Stealth
  4718 | D:11     | Noticed a gargoyle
  4875 | D:12     | Noticed a two-headed ogre
  4879 | D:12     | Killed a two-headed ogre
  4927 | D:11     | Noticed kroki's ghost (journeyman FoFi)
  5018 | D:12     | Noticed a cyclops
  5022 | D:12     | Killed a cyclops
  5042 | D:12     | Found a labyrinth entrance.
  5056 | Lab      | Entered a labyrinth
  5432 | Lab      | Noticed a gargoyle
  5434 | Lab      | Noticed a gargoyle
  5436 | Lab      | Killed a gargoyle
  5442 | Lab      | Noticed a gargoyle
  5447 | Lab      | Killed a gargoyle
  5683 | Lab      | Noticed a minotaur
  5743 | Lab      | Killed a minotaur
  5743 | Lab      | Reached skill level 5 in Fighting
  5743 | Lab      | Reached XP level 11. HP: 64/87 MP: 8/17
  5747 | Lab      | Got a twisted hunting sling
  5767 | Lab      | Got a wavering glass ring
  5771 | Lab      | Identified the ring of Pride {rPois MR+} (You found it in a labyrinth)
  5799 | Lab      | Identified the cursed +1 hunting sling of the Seven Spreadsheets {freeze, -Tele rPois rN+++ Int+4} (You took it off a minotaur in a labyrinth)
  5889 | D:12     | Noticed a brown ugly thing
  5898 | D:12     | Killed a brown ugly thing
  5957 | D:12     | Found a staircase to the Orcish Mines.
  6049 | D:12     | Reached ***** piety under Dithmenos
  6091 | D:12     | Noticed a two-headed ogre
  6920 | D:11     | Reached skill level 5 in Dodging
  7242 | D:10     | Learned a level 3 spell: Confuse
  7367 | D:9      | Bought 2 potions of heal wounds for 170 gold pieces
  7457 | D:12     | Reached skill level 1 in Hexes
  7712 | D:12     | Noticed a white ugly thing
  7717 | D:12     | Noticed an eight-headed hydra
  7849 | D:13     | Noticed a five-headed hydra
  7866 | D:13     | Killed a five-headed hydra
  7874 | D:13     | Blinking to hydra was an awful idea
  7874 | D:13     | Maybe I could calculate damage in advance?
  7933 | D:13     | Identified a scroll of acquirement
  7934 | D:13     | Noticed a brown ugly thing
  7935 | D:13     | Noticed a cyclops
  7938 | D:13     | Killed a brown ugly thing
  7941 | D:13     | wat
  8005 | D:13     | Killed a cyclops
  8043 | D:13     | Found Xoduonai's Antique Weapon Shop.
  8128 | D:13     | Noticed Kirke
  8129 | D:13     | Noticed a brown ugly thing
  8207 | D:13     | Noticed a two-headed ogre
  8209 | D:13     | Killed a two-headed ogre
  8209 | D:13     | Reached skill level 5 in Hexes
  8396 | D:14     | Noticed a centaur warrior
  8672 | D:14     | Noticed a centaur warrior
  8692 | D:14     | Killed a centaur warrior
  8810 | D:14     | Reached XP level 12. HP: 82/96 MP: 16/18
  8920 | D:14     | Noticed a centaur warrior
  8939 | D:14     | Reached skill level 1 in Evocations
  9076 | D:14     | Noticed a two-headed ogre
  9112 | D:14     | Noticed a two-headed ogre
  9139 | D:14     | Killed a two-headed ogre
  9255 | D:14     | Killed a centaur warrior
  9576 | Orc:1    | Entered Level 1 of the Orcish Mines
  9672 | Orc:1    | Found Qiurch's Food Shoppe.
  9826 | Orc:1    | Reached skill level 5 in Evocations
 10034 | Orc:1    | Found Taunk's Antique Weapon Boutique.
 10268 | D:12     | Killed an eight-headed hydra
 10452 | D:13     | Bought an ichor-stained dagger for 266 gold pieces
 10452 | D:13     | Identified the cursed +1 dagger of Dafakk {drain, Int+4} (You bought it in a shop on level 13 of the Dungeon)
 10631 | Orc:2    | Entered Level 2 of the Orcish Mines
 10702 | Orc:2    | Found Wita's Weapon Shop.
 10763 | Orc:2    | Found a staircase to the Elven Halls.
 10772 | Orc:2    | Reached ****** piety under Dithmenos
 10802 | Orc:2    | Found a roughly hewn altar of Beogh.
 11188 | Orc:2    | Found Runtinuj's General Store.
 11243 | Orc:2    | Reached skill level 1 in Conjurations
 11430 | Orc:2    | Found Kapryf Sagit's Magic Scroll Boutique.
 11757 | Orc:2    | Bought a scroll of teleportation for 30 gold pieces
 11757 | Orc:2    | Bought a scroll of teleportation for 30 gold pieces
 11757 | Orc:2    | Bought a scroll of blinking for 75 gold pieces
 11757 | Orc:2    | Bought a scroll of recharging for 95 gold pieces
 11759 | Orc:2    | Bought a scroll of noise for 15 gold pieces
 11759 | Orc:2    | Bought a potion of magic for 120 gold pieces
 11797 | Elf:1    | Entered Level 1 of the Elven Halls
 11797 | Elf:1    | Noticed a deep elf knight
 12447 | D:8      | Noticed Pikel
 12455 | D:8      | Killed Pikel
 12484 | D:8      | Reached skill level 5 in Conjurations
 12529 | Lair:1   | Entered Level 1 of the Lair of Beasts
 12578 | Lair:1   | Reached XP level 13. HP: 67/104 MP: 7/19
 12634 | Lair:1   | Got a transparent scale mail
 12650 | Lair:1   | Identified the +7 scale mail "Forget-Me-Not" {rF+++ MP-9 Int+5 Slay-5} (You found it on level 1 of the Lair of Beasts)
 12691 | Lair:2   | Reached skill level 10 in Stealth
 12913 | Lair:2   | Found a blossoming altar of Fedhas.
 13009 | Lair:2   | Found a staircase to the Shoals.
 13014 | Shoals:1 | Entered Level 1 of the Shoals
 13014 | Shoals:1 | Noticed a merfolk impaler
 13062 | Lair:2   | Upgraded the game from 0.21-a0-213-gae198ad to 0.21-a0-216-g6d3fd91
 13062 | Lair:2   | Found a glowing golden altar of the Shining One.
 13134 | Lair:2   | Found a hole to the Spider Nest.
 13225 | Lair:2   | Reached skill level 11 in Stealth
 13416 | Lair:1   | Slain by a six-headed hydra

Vault maps used:
D:1:      dpeg_arrival_rhombus, kennysheep_another_room,
          minmay_misc_feat_square, roderic_lattice_a, st_stairs_14
D:2:      mumra_celtic_spiral_tile, makhleb_blood_cavern_becter
D:3:      minitemple, uniq_grinder
D:4:      grunt_dithmenos_smoke_and_mirrors, first_bread, tgw_xom
D:5:      lemuel_ice_spiral_2, serial_shops, shop, kennysheep_generic_room_12
D:6:      minmay_overflow_temple_star_hex, minmay_temple_entry_junction
D:7:      nicolae_ossuary_entry_plus
D:8:      minmay_lair_entry_lava, serial_shops, nicolae_shop_statue_plus,
          uniq_prince_ribbit1, uniq_pikel
D:9:      overflow_temple_1_default, overflow_temple_1_default,
          lemuel_crystal_altar, old_standard_altar, serial_curves,
          eino_curves_04, eino_curves_03, serial_shops, nicolae_shop_crystal
D:10:     hangedman_little_slice_of_home, lemuel_old_faithful
D:12:     zombieorc2_lemuel, serial_column_ruins, column_ruins_hut_ruined,
          column_ruins_temple_hut, column_ruins_open_tiny, column_ruins_grid_1,
          column_ruins_columns_corner, column_ruins_columns_dead_end,
          column_ruins_open_medium, column_ruins_grid_3, lab_entry_generic,
          grunt_ministairs_10
D:13:     serial_shops, shop, uniq_kirke
D:14:     erik_vaults_1, lemuel_statue_altar, kennysheep_diamond
Lair:1:   nicolae_quartered_pool_little, grunt_megastairs_2
Lair:2:   elwin_shoals_entry_rooms, spider_nest_entry_rubble, basic_altar,
          wad_woods_road_06, tgw_fedhas
Lair:3:   grunt_megastairs_1
Shoals:1: nicolae_alphabet_shops
Orc:1:    serial_shops, shop, shop_statue, special_room
Orc:2:    pf_orc_diabolical, serial_shops, shop, basic_altar
Elf:1:    elf_arrival_002, minmay_elf_sorcery, uniq_asterion
Lab:      labyrinth_watery, nicolae_lab_flowing_pool, nicolae_lab_big_swirl
Ossuary:  ossuary_due_mausoleum

Skill      XL: |  1  2  3  4  5  6  7  8  9 10 11 12 13 |
---------------+----------------------------------------+-----
Spellcasting   | 2 5 |  5.2
Ice Magic      | 4 6 |  6.3
Short Blades   | 1 3 7 9 |  9.3
Summonings     | 1 3 4 |  4.4
Stealth        | 5 6 7 9 11 | 11.1
Fighting       | 5 6 |  6.6
Dodging        | 5 |  5.2
Hexes          | 6 7 |  7.0
Evocations     | 5 |  5.3
Conjurations   | 5 |  5.3

Action                   |  1- 3 |  4- 6 |  7- 9 | 10-12 | 13-15 || total
-------------------------+-------+-------+-------+-------+-------++-------
Melee: Unarmed           |     6 |       |       |       |       ||     6
       Dagger            |    21 |    46 |   335 |  1013 |    93 ||  1508
       Glaive            |       |       |       |       |    22 ||    22
Throw: Javelin           |       |       |     3 |     2 |     1 ||     6
       Throwing net      |       |       |       |     3 |       ||     3
 Cast: Freeze            |    27 |    11 |    45 |    49 |       ||   132
       Summon Ice Beast  |       |     3 |    42 |   108 |     4 ||   157
       Ozocubu's Armour  |       |       |     6 |    10 |       ||    16
       Throw Icicle      |       |       |       |     4 |       ||     4
       Confuse           |       |       |       |    66 |    19 ||    85
Invok: Shadow Step       |       |       |       |    10 |     2 ||    12
Evoke: Wand              |       |       |     1 |    21 |     5 ||    27
  Use: Scroll            |     6 |       |     9 |    17 |     2 ||    34
       Potion            |       |       |     5 |    10 |     2 ||    17
 Stab: Sleeping          |     1 |     2 |    28 |    37 |     1 ||    69
       Distracted        |       |       |     2 |     3 |     1 ||     6
       Held in net/web   |       |       |       |     2 |       ||     2
       Confused          |       |       |       |    36 |    10 ||    46
  Eat: Chunk             |     4 |     7 |    48 |   138 |    13 ||   210
Armor: Robe              |    10 |     4 |    69 |    82 |       ||   165
       Leather armour    |       |       |       |    38 |     6 ||    44
Dodge: Dodged            |    20 |    25 |   204 |   445 |    35 ||   729

Table legend:
 A = Spawn XP
 B = Non-spawn XP
 C = Spawn XP percentage of total XP
 D = Spawn monster count
 E = Non-spawn monster count
 F = Spawn count percentage of total count
 G = Total turns spent on level
                    A         B        C        D         E        F      G
               +---------+---------+-------+---------+---------+-------+---------
         Total |    7889 |   27937 |  22.0 |      51 |     387 |  11.6 | 13416
               +---------+---------+-------+---------+---------+-------+---------
           D:1 |       0 |       9 |   0.0 |       0 |       5 |   0.0 |   140
           D:2 |       0 |      35 |   0.0 |       0 |       7 |   0.0 |   261
           D:3 |       0 |      11 |   0.0 |       0 |       5 |   0.0 |   181
           D:4 |       0 |      65 |   0.0 |       0 |       7 |   0.0 |   577
           D:5 |     117 |     570 |  17.0 |       2 |      24 |   7.7 |   578
           D:6 |      70 |     720 |   8.9 |       1 |      13 |   7.1 |   480
           D:7 |       0 |      13 |   0.0 |       0 |       1 |   0.0 |   121
           D:8 |       9 |    1436 |   0.6 |       2 |      17 |  10.5 |   579
           D:9 |     167 |    1021 |  14.1 |       2 |      23 |   8.0 |  1118
          D:10 |     275 |     684 |  28.7 |       3 |      20 |  13.0 |   616
          D:11 |     159 |    2255 |   6.6 |       1 |      22 |   4.3 |   719
          D:12 |    2466 |    4136 |  37.4 |      13 |      65 |  16.7 |  1953
          D:13 |     701 |    3324 |  17.4 |       6 |      14 |  30.0 |   927
          D:14 |    2846 |    2245 |  55.9 |       8 |      23 |  25.8 |  1008
        Lair:1 |       0 |     818 |   0.0 |       0 |       5 |   0.0 |   191
        Lair:2 |     411 |    3163 |  11.5 |       1 |      10 |   9.1 |   681
         Orc:1 |     332 |    3606 |   8.4 |       8 |      55 |  12.7 |   994
         Orc:2 |     336 |    1932 |  14.8 |       4 |      41 |   8.9 |  1207
           Lab |       0 |    1741 |   0.0 |       0 |       3 |   0.0 |   745
       Ossuary |       0 |     153 |   0.0 |       0 |      27 |   0.0 |   323
               +---------+---------+-------+---------+---------+-------+---------
